AoeStats
← Křovák

QS Arena

503610691Analyzed
1v1 RM · 1mo ago on Sep 1, 2026· 30m 55s· 2 players
Game mode
Random Map
Map size
Tiny (2 player)
Population
200
Speed
Normal
Resources
Standard
Victory
Conquest
Starting age
Dark Age
Ending age
Imperial Age
RankedLock teamsTeams togetherTeam positionsShared explorationLock speedFull tech treeHidden civsTurbo modeCheats
Victory
Defeat
🇹🇼 Franks · Taiwan
914
+15
🇨🇿 Franks · Czechia
902
-15
Křovák
8:03 Loom
10:10 Feudal Age
11:59 Double-Bit Axe
14:53 Castle Age
16:38 Pikeman
17:29 Fletching
30:37 Imperial Age
yummy900130
7:51 Loom
9:37 Feudal Age
11:05 Double-Bit Axe
13:38 Castle Age
11:38 Stone Mining
21:31 Gold Mining
27:22 Imperial Age
25:43 Fletching
28:15 Wheelbarrow
29:53 Bow Saw
31:36 Conscription
Connection lost

Rejoining the realm…

Still unreachable

The connection could not be restored.

Session expired

The server has moved on; the page needs a fresh start.